 Dungeon Crawl Stone Soup version 0.31-a0-963-ga325b2283a (webtiles) character file.

Game seed: 3649876503712161864

19980 pokeman the Eclecticist (level 12, -14/67 HPs)
             Began as a Deep Elf Hedge Wizard on Oct 25, 2023.
             Was an Elder of Vehumet.
             Killed from afar by an efreet (24 damage)
             ... with a bolt of fire
             ... on level 13 of the Dungeon.
             The game lasted 00:37:27 (15972 turns).

pokeman the Eclecticist (Deep Elf Hedge Wizard)    Turns: 15972, Time: 00:37:29

Health: -14/67     AC:  9    Str:  7    XL:     12   Next: 41%
Magic:  28/35      EV: 12    Int: 31    God:    Vehumet [****..]
Gold:   630        SH:  0    Dex: 14    Spells: 28/45 levels left

rFire   . . .        a - +1 dagger (venom)
rCold   + . .        (no shield)
rNeg    . . .        u - +2 leather armour {rC+}
rPois   .            c - +0 hat
rElec   .            S - +0 cloak
rCorr   .            h - +0 pair of gloves
SInv    +            Q - +0 pair of boots
Will    +....        z - amulet of magic regeneration
Stlth   ++           G - ring of see invisible
HPRegen 0.31/turn    w - +6 ring of intelligence
MPRegen 0.64/turn

%: no passive effects
@: no status effects
A: no striking features
a: Renounce Religion


You were on level 13 of the Dungeon.
You worshipped Vehumet.
Vehumet was greatly pleased with you.
You visited 1 branch of the dungeon, and saw 13 of its levels.
You also visited: Bailey.

You collected 786 gold pieces.
You spent 156 gold pieces at shops.

Inventory:

Hand Weapons
 a - a +1 dagger of venom (weapon)
 o - a +2 dagger of electrocution
 r - the +7 whip of Nocut {heavy, Int+3}
   (You found it on level 11 of the Dungeon)

   Int+3:     It affects your intelligence (+3).
Missiles
 H - 2 throwing nets
Armour
 c - a +0 hat (worn)
 h - a +0 pair of gloves (worn)
 u - a +2 leather armour of cold resistance (worn)
 Q - a +0 pair of boots (worn)
 S - a +0 cloak (worn)
 W - a +0 buckler
Magical Staves
 y - a staff of death
Jewellery
 n - a ring of positive energy
 w - a +6 ring of intelligence (right hand)
 z - an amulet of magic regeneration (around neck)
 G - a ring of see invisible (left hand)
 J - a +6 ring of intelligence
 L - a +4 ring of protection
 N - a ring of positive energy
 X - a ring of wizardry
Wands
 p - a wand of flame (48)
 A - a wand of roots (5)
 P - a wand of polymorph (10)
 U - a wand of paralysis (10)
Scrolls
 e - 2 scrolls of noise {unknown}
 g - 6 scrolls of enchant armour {unknown}
 i - 7 scrolls of fog {unknown}
 j - 13 scrolls of identify {unknown}
 k - 7 scrolls of teleportation {unknown}
 l - 3 scrolls of enchant weapon {unknown}
 s - 4 scrolls of amnesia {unknown}
 x - a scroll of vulnerability {unknown}
 C - a scroll of summoning {unknown}
 E - 3 scrolls of blinking {unknown}
 F - a scroll of brand weapon {unknown}
 I - a scroll of torment {unknown}
 K - a scroll of revelation {unknown}
 R - a scroll of fear {unknown}
 T - a scroll of immolation {unknown}
 V - a scroll of poison {unknown}
Potions
 b - a potion of invisibility {unknown}
 d - a potion of magic
 f - 5 potions of curing
 m - a potion of might {unknown}
 q - a potion of lignification {unknown}
 t - 4 potions of degeneration
 v - a potion of berserk rage {unknown}
 B - 4 potions of heal wounds
 D - a potion of brilliance {unknown}
 O - a potion of haste {unknown}
 Y - a potion of enlightenment {unknown}
Miscellaneous
 M - a phantom mirror


   Skills:
 + Level 4.7 Fighting
 - Level 4.0 Armour
 - Level 3.0 Dodging
 - Level 3.1 Stealth
 - Level 4.0 Shields
 * Level 17.2 Spellcasting
 + Level 10.3 Conjurations
 - Level 1.1 Summonings
 - Level 5.2 Necromancy
 - Level 1.1 Translocations
 + Level 8.1 Fire Magic
 - Level 1.0 Air Magic
 - Level 1.0 Poison Magic
 - Level 2.0 Evocations


You had 28 spell levels left.
You knew the following spells:

 Your Spells              Type           Power      Damage    Failure   Level
a - Magic Dart            Conj           100%       1d8       1%          1
b - Mephitic Cloud        Conj/Pois/Air  51%        N/A       1%          3
c - Call Imp              Summ           66%        N/A       2%          2
d - Blink                 Tloc           66%        N/A       2%          2
e - Foxfire               Conj/Fire      100%       2x1d9     1%          1
f - Airstrike             Air            16%        2d(3-19)  4%          4
g - Dispel Undead         Necr           56%        3d20      2%          4

Your spell library contained the following spells:

 Spells                   Type           Power      Damage    Failure   Level
 Olgreb's Toxic Radiance  Pois           33%        N/A       4%          4
 Kiss of Death            Conj/Necr      100%       2d13      1%          1
 Cigotuvi's Dreadful Rot  Necr/Pois/Air  82%        N/A       1%          2
 Inner Flame              Hex/Fire       51%        N/A       1%          3
 Slow                     Hex            100%       N/A       2%          1
 Confusing Touch          Hex            26%        N/A       7%          3
 Tukima's Dance           Hex            26%        N/A       7%          3
 Manifold Assault         Tloc           33%        N/A       14%         4
 Passage of Golubria      Tloc           33%        N/A       14%         4
 Yara's Violent Unravell  Hex/Tmut       13%        3d7       17%         5
 Enfeeble                 Hex            13%        N/A       100%        7


Dungeon Overview and Level Annotations

Branches:
Dungeon (13/15)            Temple (0/1) D:5            Lair (0/5) D:10
    Orc (0/2) D:9          Bailey (visited)
 Vaults: D:13-14

Altars:
Ashenzari
Cheibriados
Dithmenos
Elyvilon
Fedhas
Gozag
Ru
Vehumet
Wu Jian
Xom
The Shining One

Shops:
D:3 =   D:4 !   D:12 [(   D:13 (

Annotations:
D:12 1 runed translucent door, Fodor's ghost, journeyman MiFi


Message History

Casting: Foxfire (safe; 1% risk of failure)
Confirm with . or Enter, or press ? or * to list all spells.
You conjure some foxfire!
Your foxfire dissipates! x2
Your foxfire dissipates! x2
There is an open door here.
You close the door.
You start resting.
Magic restored.
You start resting.
HP restored.
You open the door.
There is an open door here.
You see here a +2 heavy shortbow.
An efreet comes into view.
It is wielding a +1 scimitar of flaming.
Unknown command.
The efreet gestures at you. The bolt of fire hits you!!!
Ouch! That really hurt!
The efreet gestures at you. The bolt of fire hits you!!
* * * LOW HITPOINT WARNING * * *
Casting: Foxfire (safe; 1% risk of failure)
Confirm with . or Enter, or press ? or * to list all spells.
Aiming: Airstrike (dangerous; 4% risk of failure)
Press: ? - help, Dir - move target, f - efreet
Aim: an efreet, wielding a +1 scimitar of flaming (empty space bonus: 8/8)
The air twists around and strikes the efreet!
The efreet is moderately wounded.
Unknown command.
Casting: Airstrike (dangerous; 4% risk of failure)
Confirm with . or Enter, or press ? or * to list all spells.
Aiming: Airstrike (dangerous; 4% risk of failure)
Press: ? - help, Dir - move target, f/p - efreet
Aim: an efreet, wielding a +1 scimitar of flaming (moderately wounded, empty space bonus: 8/8)
The air twists around and strikes the efreet!
The efreet is severely wounded.
The efreet gestures at you. The bolt of fire hits you!!
You die...

##### #.^.#
############...#############
#..............'............
#####..........############.
#......@...##### #.
#..............# #. .
#.........#.##.# ###.
''########.)R...........###
#...
).......##○☼..............#
#.##
..○○R..○°°.............##.#
#.##
'°########............∩##.#
#.## ○...#
########......##.# #...
.....# #......##.####..#


You could see an efreet.

Vanquished Creatures
  2 vault guards (Bailey)
  2 two-headed ogres
  5 boulder beetles
  2 centaur warriors (D:13)
  The ghost of LadyBoffin the Cleaver, a novice HOFi (D:7)
  An ugly thing (D:11)
  A cyclops (D:12)
  A gargoyle (D:10)
  A rime drake (D:10)
  A komodo dragon (D:12)
  3 polar bears (D:10)
  Prince Ribbit (Bailey)
  A vampire (D:10)
  2 shadows
  23 yaks
  Eustachio (D:4)
  4 humans (Bailey)
  3 steam dragons
  The ghost of PowderKeg the Skirmisher, an amateur DEHu (D:4)
  2 water moccasins
  4 ice beasts
  A sky beast (D:7)
  2 black bears
  6 orc warriors
  An ogre (D:6)
  2 wolves (D:10)
  4 centaurs (D:13)
  2 phantoms (D:5)
  2 kobold brigands
  Blork the orc (D:4)
  9 bullfrogs
  2 gnoll sergeants
  A scorpion (D:6)
  10 wights
  15 killer bees
  A howler monkey (D:11)
  3 hounds
  4 jellies
  A gnoll bouda (D:7)
  7 orc priests
  A sleepcap (D:4)
  Ijyb (D:4)
  Natasha (thrice) (D:2)
  5 iguanas
  8 orc wizards
  6 gnolls
  4 adders
  4 ufetubi
  2 worms (D:5)
  A dart slug (D:3)
  54 orcs
  4 bats
  7 endoplasms
  4 giant cockroaches
  12 goblins
  9 hobgoblins
  18 kobolds
  5 quokkas
  4 ball pythons
  5 frilled lizards
  A rat (D:1)
  2 foxfires
296 creatures vanquished.

Vanquished Creatures (collateral kills)
  An ice beast (D:6)
  A wight (D:9)
  An iguana (D:7)
  An orc (D:3)
4 creatures vanquished.

Vanquished Creatures (others)
  A killer bee (D:10)
  An orc wizard (D:7)
  843 foxfires
845 creatures vanquished.

Grand Total: 1145 creatures vanquished

Notes
Turn   | Place    | Note
-------+----------+-------------------------------------------
     0 | D:1      | pokeman the Deep Elf Hedge Wizard began the quest for the
                  | Orb.
     0 | D:1      | Reached XP level 1. HP: 10/10 MP: 7/7
   327 | D:1      | Reached XP level 2. HP: 16/16 MP: 4/9
   387 | D:1      | Found a faded altar of an unknown god.
   960 | D:1      | Reached skill level 5 in Spellcasting
  1347 | D:2      | Reached XP level 3. HP: 20/20 MP: 0/11
  1351 | D:2      | Learned a level 3 spell: Mephitic Cloud
  1354 | D:2      | Learned a level 2 spell: Call Imp
  1357 | D:2      | Learned a level 2 spell: Blink
  1604 | D:2      | Noticed Natasha
  1612 | D:2      | Killed Natasha
  1613 | D:2      | Reached skill level 1 in Fighting
  1613 | D:2      | Reached skill level 1 in Armour
  1917 | D:2      | Noticed Natasha
  1928 | D:2      | Killed Natasha
  1929 | D:2      | Reached XP level 4. HP: 12/25 MP: 6/13
  2058 | D:2      | Noticed Natasha
  2067 | D:2      | Killed Natasha
  2482 | D:3      | HP: 1/25 [orc/+0 war axe (11)]
  2774 | D:3      | Reached skill level 6 in Spellcasting
  2774 | D:3      | Reached XP level 5. HP: 29/29 MP: 8/15
  3064 | D:3      | Found Cimein's Jewellery Shoppe.
  3249 | D:3      | Found a glowing golden altar of the Shining One.
  3737 | D:4      | Found a radiant altar of Vehumet.
  3749 | D:4      | Noticed Eustachio
  3751 | D:4      | Became a worshipper of Vehumet
  3762 | D:4      | Killed Eustachio
  3763 | D:4      | Reached skill level 1 in Shields
  3763 | D:4      | Reached skill level 7 in Spellcasting
  3763 | D:4      | Reached skill level 1 in Evocations
  3763 | D:4      | Reached XP level 6. HP: 23/34 MP: 9/18
  3839 | D:4      | Noticed Blork the orc
  3851 | D:4      | Killed Blork the orc
  3955 | D:4      | Reached skill level 1 in Poison Magic
  3963 | D:4      | Reached skill level 1 in Air Magic
  4031 | D:4      | Found a large runed translucent door.
  4031 | D:4      | Found a large runed translucent door.
  4099 | D:4      | Reached XP level 7. HP: 35/38 MP: 13/20
  4267 | D:4      | Noticed PowderKeg's ghost (amateur DEHu)
  4441 | D:4      | Noticed Ijyb
  4451 | D:4      | Killed Ijyb
  4517 | D:4      | Found Qafome's Distillery.
  4521 | D:4      | Bought a potion of curing for 39 gold pieces
  4521 | D:4      | Bought a potion of curing for 39 gold pieces
  4521 | D:4      | Bought a potion of degeneration for 13 gold pieces
  4521 | D:4      | Bought a potion of heal wounds for 65 gold pieces
  4632 | D:5      | Entered Level 5 of the Dungeon
  4703 | D:5      | Reached skill level 8 in Spellcasting
  4703 | D:5      | Reached skill level 1 in Necromancy
  5226 | D:5      | Found a staircase to the Ecumenical Temple.
  5235 | D:5      | Reached * piety under Vehumet
  5235 | D:5      | Offered knowledge of Kiss of Death by Vehumet.
  5434 | D:5      | Noticed a steam dragon
  5452 | D:5      | Killed a steam dragon
  5453 | D:5      | Reached skill level 9 in Spellcasting
  5453 | D:5      | Reached XP level 8. HP: 37/44 MP: 23/23
  6126 | D:6      | Reached skill level 5 in Conjurations
  6309 | D:6      | Reached skill level 10 in Spellcasting
  6458 | D:6      | Found a broken altar of Ashenzari.
  7265 | D:7      | Reached ** piety under Vehumet
  7275 | D:7      | Offered knowledge of Foxfire by Vehumet.
  7276 | D:7      | Reached XP level 9. HP: 36/48 MP: 25/25
  7321 | D:6      | Learned a level 1 spell: Foxfire
  7386 | D:7      | Reached skill level 11 in Spellcasting
  7386 | D:7      | Reached skill level 5 in Necromancy
  7614 | D:7      | Found a transporter.
  7614 | D:7      | Noticed LadyBoffin's ghost (novice HOFi)
  7674 | D:7      | Found a transporter.
  8218 | D:7      | Found a snail-covered altar of Cheibriados.
  8418 | D:8      | Reached skill level 1 in Fire Magic
  9194 | D:8      | Found a shadowy altar of Dithmenos.
  9202 | D:8      | Found an ornate altar of the Wu Jian Council.
  9209 | D:8      | Found a shimmering altar of Xom.
  9216 | D:8      | Found an opulent altar of Gozag.
  9224 | D:8      | Found a white marble altar of Elyvilon.
  9232 | D:8      | Found a blossoming altar of Fedhas.
  9237 | D:8      | Found a sacrificial altar of Ru.
  9324 | D:8      | Reached skill level 12 in Spellcasting
  9558 | D:9      | Found a staircase to the Orcish Mines.
  9570 | D:9      | Offered knowledge of Static Discharge by Vehumet.
  9921 | D:9      | Reached XP level 10. HP: 53/53 MP: 28/28
 10220 | D:9      | Reached *** piety under Vehumet
 10317 | D:9      | Reached skill level 13 in Spellcasting
 10576 | D:10     | Entered Level 10 of the Dungeon
 10662 | D:10     | Offered knowledge of Airstrike by Vehumet.
 10867 | D:10     | Found a flagged portal.
 10892 | Bailey   | Entered a bailey
 10918 | Bailey   | Reached skill level 14 in Spellcasting
 10918 | Bailey   | Reached skill level 5 in Fire Magic
 11317 | Bailey   | Noticed Prince Ribbit
 11318 | Bailey   | Noticed a vault guard
 11323 | Bailey   | Killed Prince Ribbit
 11329 | Bailey   | Noticed a vault guard
 11335 | Bailey   | Killed a vault guard
 11336 | Bailey   | Reached XP level 11. HP: 22/57 MP: 23/31
 11338 | Bailey   | Killed a vault guard
 11385 | Bailey   | Reached **** piety under Vehumet
 11715 | D:10     | HP: 1/57 [polar bear (2)]
 11944 | D:9      | Learned a level 4 spell: Airstrike
 12059 | D:10     | Reached skill level 15 in Spellcasting
 12089 | D:10     | Offered knowledge of Olgreb's Toxic Radiance by Vehumet.
 12229 | D:10     | Found a staircase to the Lair.
 12854 | D:11     | Identified the +7 whip of Nocut {heavy, Int+3}
 12939 | D:11     | Noticed a white ugly thing
 12949 | D:11     | Killed a white ugly thing
 13294 | D:11     | Noticed a boulder beetle
 13308 | D:11     | Killed a boulder beetle
 13347 | D:11     | Learned a level 4 spell: Dispel Undead
 13676 | D:12     | Noticed a boulder beetle
 13697 | D:12     | Killed a boulder beetle
 13698 | D:12     | Reached skill level 16 in Spellcasting
 13887 | D:12     | Noticed a boulder beetle
 13909 | D:12     | Killed a boulder beetle
 14191 | D:12     | Found a runed translucent door.
 14191 | D:12     | Found a shimmering altar of Xom.
 14191 | D:12     | Noticed Fodor's ghost (journeyman MiFi)
 14192 | D:12     | Noticed a +2 war axe of chaos
 14219 | D:12     | Found Juzag's Antique Armour Boutique.
 14374 | D:12     | Noticed a two-headed ogre
 14388 | D:12     | Noticed a boulder beetle
 14405 | D:12     | Killed a boulder beetle
 14406 | D:12     | Reached XP level 12. HP: 52/66 MP: 30/34
 14414 | D:12     | Killed a two-headed ogre
 14562 | D:12     | Found Esalerhag's Antique Weapon Shop.
 14985 | D:4      | Killed PowderKeg's ghost
 15109 | D:7      | Killed LadyBoffin's ghost
 15110 | D:7      | Reached skill level 10 in Conjurations
 15363 | D:13     | Noticed a boulder beetle
 15364 | D:13     | Noticed a centaur warrior
 15378 | D:13     | Killed a centaur warrior
 15391 | D:13     | Killed a boulder beetle
 15544 | D:13     | Noticed a two-headed ogre
 15550 | D:13     | Reached skill level 17 in Spellcasting
 15555 | D:13     | Killed a two-headed ogre
 15622 | D:13     | Noticed a catoblepas
 15631 | D:13     | Noticed a centaur warrior
 15631 | D:13     | Noticed a centaur warrior
 15643 | D:13     | Found Qepodipy's Weapon Emporium.
 15754 | D:13     | Killed a centaur warrior
 15972 | D:13     | Killed from afar by an efreet

Illustrated notes

Levels and vault maps discovered:
D:1:      co_arrival_square_in_a_square_in_a_square, layout_basic,
          ebering_ecumenical_altar_webs
D:2:      layout_basic, chequers_big_river, uniq_natasha
D:3:      layout_loops_ring, nicolae_tso_swordbearing_angel, serial_shops,
          nicolae_shop_window_shopping
D:4:      layout_basic, vehumet_altar_wand_db, ebering_ghost_disaster_area,
          serial_shops, nicolae_shop_back_alley_shop, uniq_blork_the_orc,
          uniq_ijyb, uniq_eustachio
D:5:      layout_loops_corners, minmay_temple_entry_grid,
          chequers_serial_rivers_micro_d, st_stairs_2, nrook_mini_backslash,
          nicolae_figureground_pulse
D:6:      layout_basic, mainiacjoe_overflow_tiny_flanked, nicolae_benzene_ring
D:7:      layout_layer_cave, kennysheep_mini, gammafunk_ghost_arena
D:8:      layout_loops_cross, grunt_temple_overflow_octagram,
          kennysheep_generic_room_13
D:9:      layout_basic, david_orc_2
D:10:     layout_loops_ring, hellmonk_lair_entry_icy, enter_bailey_5
D:11:     layout_grid_maze, nicolae_zig_zag_zippers
D:12:     layout_loops_corners, serial_shops, shop, kennysheep_little_box,
          ebering_ghost_xom
D:13:     layout_basic, skrybe_vaults_entry_preservation, serial_shops, shop

Skill      XL: |  1  2  3  4  5  6  7  8  9 10 11 12 |
---------------+-------------------------------------+-----
Spellcasting   | 5 6 7 9 10 12 14 16 17 | 17.2
Fighting       | 1 2 4 |  4.7
Armour         | 1 2 3 4 |  4.0
Conjurations   | 2 3 4 5 7 8 9 10 | 10.3
Dodging        | 3 |  3.0
Stealth        | 3 |  3.1
Shields        | 1 2 3 4 |  4.0
Evocations     | 1 2 |  2.0
Poison Magic   | 1 |  1.0
Air Magic      | 1 |  1.0
Necromancy     | 2 4 5 |  5.2
Fire Magic     | 3 5 7 8 |  8.1
Summonings     | |  1.1
Translocations | |  1.1

Action                     |  1- 3 |  4- 6 |  7- 9 | 10-12 || total
---------------------------+-------+-------+-------+-------++-------
  Melee: Dagger            |    17 |    44 |   117 |   167 ||   345
         Punch             |       |       |     3 |     6 ||     9
         Whip              |       |       |       |     6 ||     6
   Cast: Magic Dart        |    82 |    77 |   137 |     5 ||   301
         Mephitic Cloud    |     2 |     9 |    26 |    61 ||    98
         Call Imp          |       |     2 |     5 |     4 ||    11
         Blink             |       |     1 |     4 |    12 ||    17
         Foxfire           |       |       |   133 |   336 ||   469
         Airstrike         |       |       |       |     6 ||     6
         Dispel Undead     |       |       |       |     4 ||     4
  Evoke: Wand              |       |       |       |     2 ||     2
   Stab: Confused          |       |     4 |    14 |    23 ||    41
 Armour: Robe              |    12 |    20 |     3 |       ||    35
         Leather armour    |       |       |   110 |   152 ||   262
  Dodge: Dodged            |    16 |    28 |   106 |   130 ||   280

Table legend: (Time is in decaauts)
 A = Elapsed time spent in this place.
 B = Non-inter-level travel time spent in this place.
 C = Inter-level travel time spent in this place.
 D = Time resting spent in this place.
 E = Time spent auto-exploring this place.
 F = Levels seen in this place.
 G = Mean time per level.
                   A        B        C        D        E       F      G
               +--------+--------+--------+--------+--------+-----+--------+
         Total |  15996 |  14975 |   1021 |   1006 |  11541 |  14 | 1142.6 |
       Dungeon |  15321 |  14300 |   1021 |    731 |  11258 |  13 | 1178.5 |
        Bailey |    675 |    675 |      0 |    275 |    282 |   1 |  675.0 |
               +--------+--------+--------+--------+--------+-----+--------+

Top non-repeatable levels by time:
     D:7: 1748 daAuts
     D:5: 1396 daAuts
    D:12: 1380 daAuts
     D:4: 1321 daAuts
     D:8: 1222 daAuts
     D:2: 1187 daAuts
    D:10: 1167 daAuts
     D:1: 1163 daAuts
     D:9: 1146 daAuts
     D:3: 1082 daAuts
    D:11: 1063 daAuts
     D:6: 907 daAuts
  Bailey: 675 daAuts
    D:13: 533 daAuts
